 Dungeon Crawl Stone Soup version 0.19-a0-3-g95c6029 (webtiles) character file.

248 Duskembrace the Jinx (level 5, 0/35 HPs)
             Began as a Vampire Enchanter on Apr 28, 2016.
             Was an Initiate of Okawaru.
             Slain by an orc (1 damage)
             ... on level 3 of the Dungeon.
             The game lasted 00:07:44 (2388 turns).

Duskembrace the Jinx (Vampire Enchanter)            Turns: 2388, Time: 00:07:45

Health: 0/35       AC:  3    Str:  6 (7)  XL:     5   Next: 86%
Magic:  1/8        EV: 12    Int: 16 (19) God:    Okawaru [......]
Gold:   129        SH:  0    Dex: 13 (14) Spells: 3 memorised, 2 levels left

rFire  . . .     SeeInvis +     a - +1 dagger
rCold  . . .     Gourm    .     b - +1 robe
rNeg   + . .     Faith    .     (no shield)
rPois  .         Spirit   .     (no helmet)
rElec  .         Dismiss  .     (no cloak)
rCorr  .         Reflect  .     (no gloves)
SustAt .         Harm     .     (no boots)
MR     .....                    (no amulet)
Stlth  ++++......               (no ring)
                                (no ring)

@: very slightly contaminated, hasted, very quick, not resistant to hostile
enchantments, stealthy
A: fangs 3, see invisible, unbreathing
a: Bat Form, Renounce Religion


You were on level 3 of the Dungeon.
You worshipped Okawaru.
Okawaru was noncommittal.
You were not thirsty.

You visited 1 branch of the dungeon, and saw 3 of its levels.

You collected 129 gold pieces.

Inventory:

Hand Weapons
 a - a +1 dagger (weapon)
Armour
 b - a +1 robe (worn)
Jewellery
 h - an uncursed ring of stealth {unknown}
 u - an uncursed ring of protection from magic {unknown}
Wands
 n - a wand of random effects (18/48)
Scrolls
 f - a scroll of noise {unknown}
 g - 6 scrolls of remove curse {unknown}
 i - a scroll of blinking {unknown}
 j - 2 scrolls of identify {unknown}
 l - a scroll of fear {unknown}
 o - a scroll of immolation {unknown}
Potions
 d - 11 potions of blood
 e - a potion of berserk rage
 p - a potion of mutation {unknown}
 q - a potion of flight
 r - a potion of cancellation
 s - a potion of lignification {unknown}
 t - a potion of curing {unknown}
Books
 c - a book of Maledictions

   Spells                             Type                      Level
   a - Corona                         Hexes                        1
   b - Ensorcelled Hibernation        Hexes/Ice                    2
   c - Confuse                        Hexes                        3
   d - Tukima's Dance                 Hexes                        3
   e - Dazzling Spray                 Conjuration/Hexes            3


   Skills:
 - Level 1.1 Short Blades
 - Level 2.1 Dodging
 + Level 7.3 Stealth
 - Level 2.0 Spellcasting
 * Level 8.0 Hexes


You had 2 spell levels left.
You knew the following spells:

 Your Spells              Type           Power        Failure   Level  Hunger
a - Corona                Hex            ####...      1%          1    #......
b - Ensorcelled Hibernat  Hex/Ice        ##....       8%          2    ###....
c - Confuse               Hex            ####....     1%          3    ###....


Dungeon Overview and Level Annotations

Branches:
Dungeon (3/15)

Altars:
Ashenzari
Cheibriados
Fedhas
Okawaru
The Shining One


Innate Abilities, Weirdness & Mutations

You have razor-sharp teeth.
You have supernaturally acute eyesight.
You can survive without breathing.


Message History

Drink which item? (? for menu, Esc to quit)
It was a potion of cancellation.
Your magical effects are unravelling.
Your magical contamination has completely faded away.
You feel magically purged.
The jackal bites you but does no damage.
The orc hits you.
* * * LOW HITPOINT WARNING * * *
The orc barely misses you. The orc misses you. The jackal barely misses you.
Drink which item? (? for menu, Esc to quit)
It was a potion of haste.
You feel yourself speed up.
You float gracefully downwards.
The orc closely misses you. The orc misses you. The orc closely misses you.
The jackal barely misses you.
You are very lightly contaminated with residual magic.
Drink which item? (? for menu, Esc to quit)
It was a potion of degeneration.
There was something very wrong with that liquid.
You feel weakened.
You feel dopey.
You feel clumsy. The orc hits you.
You die...

...o..$.. .).....#
......# .....####
#.......#
#w#..##.#
#o#..##.# #
#h#..##.###..#.###
#@#†..............
#ooh###.###..#####
##### #.# #..#
#.###...####
###.##........
#.............
#.####........ #.#
####..### #.#
##.##


You could see a dart slug, 3 orcs and 2 jackals.

Vanquished Creatures
  2 orc wizards (D:3)
  Ijyb (D:2)
  2 gnolls
  7 adders
  2 worms (D:3)
  4 dart slugs
  A giant gecko (D:1)
  3 orcs (D:3)
  12 bats
  2 giant cockroaches (D:2)
  6 goblins
  8 hobgoblins
  7 jackals
  2 giant newts (D:2)
  4 kobolds
  5 rats
68 creatures vanquished.

Notes
Turn   | Place    | Note
--------------------------------------------------------------
     0 | D:1      | Duskembrace the Vampire Enchanter began the quest for the Orb.
     0 | D:1      | Reached XP level 1. HP: 13/13 MP: 3/3
   130 | D:1      | Reached XP level 2. HP: 18/19 MP: 5/5
   134 | D:1      | Learned a level 2 spell: Ensorcelled Hibernation
   228 | D:1      | Reached skill level 5 in Hexes
   379 | D:1      | Reached skill level 5 in Stealth
   507 | D:1      | Reached XP level 3. HP: 21/24 MP: 3/6
   512 | D:1      | Learned a level 3 spell: Confuse
  1019 | D:2      | Reached skill level 6 in Hexes
  1117 | D:2      | Noticed Ijyb
  1162 | D:2      | Killed Ijyb
  1162 | D:2      | Reached XP level 4. HP: 22/30 MP: 7/7
  1606 | D:2      | Found an iron altar of Okawaru.
  1618 | D:2      | Found a glowing golden altar of the Shining One.
  1622 | D:2      | Found a shattered altar of Ashenzari.
  1640 | D:2      | Became a worshipper of Warmaster Okawaru
  1702 | D:2      | Reached skill level 7 in Hexes
  1748 | D:2      | Reached XP level 5. HP: 30/35 MP: 8/8
  1877 | D:3      | Found a snail-covered altar of Cheibriados.
  1895 | D:3      | Found a blossoming altar of Fedhas.
  2366 | D:3      | Reached skill level 8 in Hexes
  2386 | D:3      | HP: 1/35 [orc (2)]
  2388 | D:3      | Slain by an orc

Vault maps used:
D:1:      dpeg_arrival_chambers_temple_mockup, fountainhead
D:2:      minmay_overflow_temple_star_quad, first_bread, lemuel_another_geyser,
          uniq_iyjb
D:3:      nicolae_overflow_crystal_walls, cheibriados_altar_1

Skill      XL: |  1  2  3  4  5 |
---------------+----------------+-----
Hexes          | 5 6 7 8 |  8.0
Stealth        | 5 6 7 |  7.3
Short Blades   | |  1.1
Dodging        | |  2.1
Spellcasting   | |  2.0

Action                   |  1- 3 |  4- 6 || total
-------------------------+-------+-------++-------
Melee: Dagger            |   105 |   119 ||   224
       Bite              |     9 |     4 ||    13
 Cast: Corona            |     2 |       ||     2
       Ensorcelled Hiber |    13 |    16 ||    29
       Confuse           |     1 |     3 ||     4
  Use: Potion            |       |     5 ||     5
 Stab: Sleeping          |    16 |    23 ||    39
       Confused          |     1 |     2 ||     3
  Eat: Corpse            |     6 |     4 ||    10
Armor: Robe              |    19 |    26 ||    45
Dodge: Dodged            |    43 |   101 ||   144
